Map: Dusk Towers

Players

xKawaiian - Winner!

  • Race: Terran Terran
  • League: Master

Finn

  • Race: Terran Terran
  • League: Master

VOD

Have the link to the VOD?

Description

Time

  • Played on: Jan. 13, 2016, 10:44 p.m.
  • Length: 10:41
Show
View Real Time Build Order
Export as new Build Order

xKawaiian Terran - Winner!

Build Orders: 1/1/1, Cyclone Opening, MMM Bio 

Get SALT Encoding   

  12  0:00  SCV  
  13  0:13  SCV  
  14  0:18  Supply Depot  
  14  0:25  SCV  
  15  0:39  SCV  
  15  0:41  Barracks  
  16  0:48  Refinery  
  16  0:51  SCV  
  16  0:53  Refinery  
  17  1:03  SCV  
  18  1:15  SCV  
  19  1:28  Marine  
  19  1:29  Orbital Command  
  20  1:35  Factory  
  20  1:41  Supply Depot  
  20  1:46  Marine  
  21  1:55  SCV  
  22  2:04  Marine  
  22  2:07  SCV  
  24  2:18  Starport  
  24  2:19  Factory Tech Lab  
  24  2:21  SCV  
  24  2:22  Marine  
  26  2:25  Supply Depot  
  26  2:33  SCV  
  27  2:38  Cyclone  
  27  2:40  Marine  
  31  2:46  SCV  
  32  2:53  Supply Depot  
  32  2:55  Medivac  
  34  2:59  Marine  
  34  3:03  SCV  
  36  3:13  Siege Tank  
  36  3:17  SCV, Marine  
  36  3:18  Liberator  
  41  3:27  Supply Depot  
  41  3:29  SCV  
  45  3:42  Marine  
  46  4:00  Marine  
  47  4:05  Siege Tank  
  48  4:18  Marine  
  49  4:24  Command Center  
  49  4:32  SCV  
  49  4:36  Marine  
  51  4:44  SCV  
  45  4:51  Siege Tank  
  44  5:04  Command Center  
  44  5:07  Barracks Tech Lab  
  44  5:13  SCV  
  41  5:18  Starport Reactor  
  38  5:23  Siege Tank  
  38  5:25  SCV  
  38  5:26  Stimpack, Marine  
  43  5:39  Orbital Command  
  43  5:42  SCV  
  44  5:48  Marine  
  45  5:54  SCV  
  46  5:57  Barracks  
  46  6:00  Barracks  
  46  6:06  SCV, Marine  
  46  6:10  SCV  
  49  6:12  Factory Tech Lab, Starport Reactor  
  50  6:19  SCV, Orbital Command  
  50  6:24  Marine  
  51  6:32  SCV  
  49  6:39  Siege Tank  
  52  6:40  SCV  
  52  6:42  Marine  
  52  6:44  SCV  
  55  6:52  Medivac x2  
  55  6:53  Combat Shields, Marine  
  60  6:57  Refinery x2  
  60  6:58  Supply Depot x2, Marine  
  60  6:59  Marine x2, Orbital Command  
  63  7:02  SCV  
  63  7:05  SCV  
  65  7:11  Marine  
  65  7:14  SCV  
  67  7:17  SCV  
  67  7:18  Marauder, Marine  
  67  7:22  Engineering Bay  
  71  7:23  Engineering Bay  
  71  7:25  SCV  
  71  7:26  SCV  
  71  7:29  SCV  
  74  7:36  Marine  
  75  7:37  SCV  
  75  7:38  Viking  
  75  7:50  Missile Turret  
  75  7:52  Terran Infantry Weapons Level 1  
  75  7:53  Terran Infantry Armor Level 1, Missile Turret, SCV  
  75  7:54  SCV  
  76  7:59  Medivac  
  76  8:02  SCV  
  76  8:05  SCV  
  80  8:06  SCV  
  80  8:09  Marine, Marauder  
  84  8:14  SCV, Marauder  
  84  8:17  SCV  
  88  8:20  SCV  
  89  8:28  Barracks  
  89  8:29  SCV, Barracks, Marine  
  89  8:30  Missile Turret, Concussive Shells  
  89  8:31  Marine  
  89  8:33  Medivac  
  94  8:36  Medivac  
  89  8:53  Marauder, Marine  
  89  8:55  SCV x2  
  89  9:00  SCV  
  89  9:02  Command Center  
  87  9:07  SCV x2  
  89  9:12  SCV, Marauder, Marine x2  
  89  9:15  Barracks Tech Lab, Marauder  
  89  9:16  Barracks Tech Lab  
  96  9:18  Armory  
  96  9:29  Medivac x2  
  96  9:30  Marine  
  101  9:40  Supply Depot x2  
  101  9:42  Supply Depot  
  101  9:52  Supply Depot  
  101  9:54  Refinery  
  101  9:55  Supply Depot x2  
  101  9:57  Supply Depot  
  101  10:00  SCV  
  101  10:02  SCV x2, Marauder x2, Marine  
  108  10:08  Marine x2  
  108  10:09  Marauder  
  108  10:12  SCV  
  108  10:13  Refinery  
  113  10:14  SCV x2  
  113  10:19  Marine  
  116  10:24  SCV  
  116  10:26  SCV x2  
Show
View Real Time Build Order
Export as new Build Order

Finn Terran 

Build Orders: Mech 

Get SALT Encoding   

  12  0:01  SCV  
  13  0:13  SCV  
  14  0:18  Supply Depot  
  14  0:25  SCV  
  15  0:40  SCV  
  15  0:41  Barracks  
  16  0:47  Refinery  
  16  0:52  SCV  
  18  1:04  SCV  
  18  1:16  SCV  
  19  1:28  Orbital Command  
  19  1:32  Barracks Reactor  
  19  1:40  Command Center  
  19  1:49  Supply Depot  
  20  1:54  SCV  
  20  1:57  Refinery  
  20  2:08  Marine x2  
  21  2:09  SCV  
  23  2:17  Factory  
  23  2:21  SCV  
  24  2:27  Marine x2  
  26  2:33  SCV  
  27  2:38  Factory  
  27  2:45  SCV  
  28  2:52  Orbital Command  
  28  2:56  Marine  
  28  2:57  SCV  
  30  2:58  Marine  
  30  3:00  Factory Tech Lab  
  31  3:12  SCV, Starport  
  32  3:23  Siege Tank  
  34  3:31  SCV x2  
  34  3:34  Hellion  
  38  3:35  Hellion  
  38  3:38  Barracks Reactor  
  40  3:43  SCV x2  
  40  3:47  Supply Depot  
  42  3:52  Viking  
  41  4:17  Marine x2  
  41  4:19  Siege Tank  
  41  4:20  Hellion x2  
  45  4:49  Marine x2  
  45  4:50  Refinery  
  45  4:51  Hellion x2  
  51  4:53  Refinery  
  51  5:06  Factory  
  51  5:26  Hellion  
  51  5:28  Supply Depot  
  53  5:42  Supply Depot  
  53  5:43  Supply Depot  
  53  5:49  SCV  
  54  5:50  Factory Tech Lab  
  54  5:56  Supply Depot  
  54  5:58  Hellion, Siege Tank, Liberator  
  53  6:10  Siege Tank  
  58  6:11  Hellion  
  55  6:36  Hellion  
  55  6:37  Hellion, Siege Tank  
  62  6:42  SCV  
  62  6:43  SCV  
  64  6:54  Infernal Pre-Igniter  
  57  7:04  Medivac  
  57  7:07  Hellion x3  
  65  7:09  SCV  
  65  7:10  SCV  
  67  7:17  Supply Depot  
  67  7:21  SCV  
  68  7:35  Command Center  
  68  7:36  SCV x2  
  70  7:45  Siege Tank x2  
  70  7:46  Hellion  
  70  7:47  Liberator x2  
  70  7:48  Hellion  
  70  7:49  SCV  
  70  7:50  SCV  
  85  8:07  SCV x2  
  87  8:18  Armory, Engineering Bay  
  87  8:22  Armory  
  87  8:24  SCV x2  
  89  8:36  SCV x2  
  91  8:42  Liberator x2  
  83  8:58  Siege Tank x2  
  83  8:59  Hellion x2  
  97  9:03  Orbital Command  
  97  9:06  Refinery  
  97  9:23  SCV x2  
  99  9:32  Armory  
  99  9:34  Hellion x3, Missile Turret  
  99  9:35  Hellion  
  99  9:37  SCV x2  
  109  9:40  Refinery  
  109  9:46  Supply Depot  
  109  10:07  SCV x3, Viking x2  
  116  10:16  Supply Depot  
  116  10:18  Supply Depot x2  
  116  10:19  SCV  
  117  10:22  SCV x2  
Tags
 
Add a new tag
Caveats
  • Supply blocks, unpowered buildings, or Contaminate may cause inaccurate times.
  • Supply counts are checked every 10 seconds.